 Dungeon Crawl Stone Soup version 0.31-a0-174-g85c54bcb58 (webtiles) character file.

Game seed: 10846598302835772628

81 Anon1729 the Trooper (level 4, -3/40 HPs)
             Began as a Minotaur Monk on June 15, 2023.
             Slain by a gnoll
             ... wielding a +2 whip of electrocution
              (6 damage)
             ... on level 2 of the Dungeon.
             The game lasted 00:00:44 (1281 turns).

Anon1729 the Trooper (Minotaur Monk)                Turns: 1281, Time: 00:00:45

Health: -3/40      AC:  2    Str: 15    XL:     4   Next: 20%
Magic:  4/4        EV: 13    Int:  7    God:
Gold:   68         SH:  0    Dex: 15    Spells: 3/3 levels left

rFire   . . .        a - +0 short sword
rCold   . . .        d - orb {light}
rNeg    . . .        b - +0 robe
rPois   .            (helmet restricted)
rElec   .            (no cloak)
rCorr   .            (no gloves)
SInv    .            (no boots)
Will    .....        (no amulet)
Stlth   +            (no ring)
HPRegen 0.26/turn    (no ring)
MPRegen 0.09/turn

%: no passive effects
@: lethally poisoned (-3 -> -4), glowing
A: horns 2, retaliatory headbutt
a: no special abilities


You were on level 2 of the Dungeon.
You visited 1 branch of the dungeon, and saw 2 of its levels.

You collected 68 gold pieces.

Inventory:

Hand Weapons
 a - a +0 short sword (weapon)
Armour
 b - a +0 robe (worn)
 d - an orb of light (worn)
Scrolls
 e - a scroll of enchant weapon {unknown}
 g - a scroll of fear {unknown}
 h - a scroll of noise {unknown}
 j - 2 scrolls of identify {unknown}
Potions
 c - a potion of ambrosia
 f - a potion of resistance
 i - a potion of brilliance {unknown}


   Skills:
 + Level 4.2 Fighting
 + Level 3.8 Short Blades
 + Level 1.9 Armour
 + Level 3.8 Dodging
 + Level 1.4 Invocations


You had 3 spell levels left.
You didn't know any spells.
Your spell library was empty.

Dungeon Overview and Level Annotations

Branches:
Dungeon (2/15)

Altars:

Shops:
D:1 :


Innate Abilities, Weirdness & Mutations

You have a pair of horns on your head.
You reflexively headbutt those who attack you in melee.


Message History

You are confused.
You feel invigorated.
You feel sick.
You are no longer poisoned.
You start resting.
A gnoll is nearby!
A gnoll is nearby!
The gnoll throws a poisoned dart.
The poisoned dart hits you!
You are poisoned.
You feel very sick.
You bump into the rock wall.
You feel less invigorated.
You feel less confused.
You feel sick.
The gnoll hits you with a +2 whip of electrocution!
You hit the gnoll.
The gnoll is moderately wounded.
You feel sick. The gnoll barely misses you.
You barely miss the gnoll.
The gnoll is moderately wounded.
You feel sick.
The gnoll hits you with a +2 whip of electrocution!
You hit the gnoll.
The gnoll is heavily wounded.
You feel sick.
You hit the gnoll but do no damage.
The gnoll is heavily wounded.
You feel sick. The gnoll barely misses you. You furiously retaliate!
You headbutt the gnoll. You hit the gnoll but do no damage.
The gnoll is heavily wounded.
You feel sick.
The gnoll hits you with a +2 whip of electrocution!
* * * LOW HITPOINT WARNING * * *
You hit the gnoll but do no damage. Your headbutt misses the gnoll.
The gnoll is heavily wounded.
The gnoll closely misses you.
You hit the gnoll.
The gnoll is severely wounded.
You feel sick.
The gnoll hits you with a +2 whip of electrocution.
You die...

..... ##g......# # #....
#.......# # #. #.......#
# #.......# # #.......#
# #.......# #
#######.### #
#.########...###########
#......@g...............
############.###########
#........# ###......#
###......# ##.......##
#.)......##
#..)......###
#...#####.[.#


You could see a gnoll.

Vanquished Creatures
  2 gnolls (D:2)
  2 adders (D:2)
  A dart slug (D:1)
  4 ball pythons (D:1)
  3 endoplasms (D:1)
  2 giant cockroaches (D:1)
  2 goblins (D:1)
  2 hobgoblins (D:1)
  4 jackals (D:1)
  4 kobolds
  2 quokkas (D:2)
  6 bats
  2 frilled lizards (D:1)
  4 rats (D:1)
40 creatures vanquished.

Notes
Turn   | Place    | Note
-------+----------+-------------------------------------------
     0 | D:1      | Anon1729 the Minotaur Monk began the quest for the Orb.
     0 | D:1      | Reached XP level 1. HP: 19/19 MP: 0/0
   114 | D:1      | Reached XP level 2. HP: 27/27 MP: 1/1
   234 | D:1      | Found Rausmiwn's Book Shoppe.
   286 | D:1      | Reached skill level 1 in Armour
   511 | D:1      | Reached XP level 3. HP: 33/33 MP: 2/2
   512 | D:1      | Reached skill level 4 in Fighting
   512 | D:1      | Reached skill level 1 in Invocations
  1232 | D:2      | Reached XP level 4. HP: 32/40 MP: 2/4
  1281 | D:2      | Slain by a gnoll

Illustrated notes

Levels and vault maps discovered:
D:1:      heliophobic_arrival_henge, layout_basic, serial_shops,
          nicolae_shop_hallway_plus
D:2:      layout_basic

Skill      XL: |  1  2  3 |
---------------+----------+-----
Armour         | 1 |  1.9
Fighting       | 4 |  4.2
Invocations    | 1 |  1.4
Short Blades   | |  3.8
Dodging        | |  3.8

Action                     |  1- 3 |  4- 6 || total
---------------------------+-------+-------++-------
  Melee: Short sword       |    80 |    11 ||    91
         Headbutt          |    14 |     1 ||    15
    Use: Potion            |       |     1 ||     1
 Armour: Robe              |    15 |     1 ||    16
  Dodge: Dodged            |    61 |    11 ||    72

Table legend: (Time is in decaauts)
 A = Elapsed time spent in this place.
 B = Non-inter-level travel time spent in this place.
 C = Inter-level travel time spent in this place.
 D = Time resting spent in this place.
 E = Time spent auto-exploring this place.
 F = Levels seen in this place.
 G = Mean time per level.
                   A        B        C        D        E       F      G
               +--------+--------+--------+--------+--------+-----+--------+
         Total |   1264 |   1262 |      2 |     66 |    967 |   2 |  632.0 |
       Dungeon |   1264 |   1262 |      2 |     66 |    967 |   2 |  632.0 |
               +--------+--------+--------+--------+--------+-----+--------+

Top non-repeatable levels by time:
     D:1: 651 daAuts
     D:2: 613 daAuts
